 Dungeon Crawl Stone Soup version 0.19-a0-414-g76fec5b (webtiles) character file.

499 Leszczynek the Chopper (level 7, -11/62 HPs)
             Began as a Naga Fighter on May 29, 2016.
             Mangled by an ice beast (14 damage)
             ... on level 4 of the Dungeon on May 31, 2016.
             The game lasted 00:09:52 (3723 turns).

Leszczynek the Chopper (Naga Fighter)               Turns: 3723, Time: 00:09:53

Health: -11/62     AC:  5    Str: 21    XL:     7   Next: 16%
Magic:  7/7        EV:  5    Int:  8    God:
Gold:   236        SH:  9    Dex: 10    Spells: 0 memorised, 6 levels left

rFire  . . .     SeeInvis +     a - +0 war axe
rCold  . . .     Gourm    .     b - +0 scale mail
rNeg   . . .     Faith    .     c - +0 shield
rPois  +         Spirit   .     (no helmet)
rElec  .         Dismiss  .     (no cloak)
rCorr  .         Reflect  .     (no gloves)
SustAt .         Harm     .     (no barding)
MR     .....                    (no amulet)
Stlth  ..........               (no ring)
                                (no ring)

@: very slightly contaminated, very slow, not resistant to hostile enchantments,
extremely unstealthy
A: see invisible, deformed body, poison resistance, slowness 2, slow metabolism
1, spit poison 2, AC +2
a: Spit Poison


You were on level 4 of the Dungeon.
You were not hungry.

You visited 1 branch of the dungeon, and saw 4 of its levels.

You collected 236 gold pieces.

Inventory:

Hand Weapons
 a - a +0 war axe (weapon)
 q - a +0 blowgun
Missiles
 e - 5 throwing nets (quivered)
Armour
 b - a +0 scale mail (worn)
 c - a +0 shield (worn)
Scrolls
 h - 2 scrolls of teleportation
 m - a scroll of enchant weapon {unknown}
 s - a scroll of remove curse
 t - a scroll of recharging
 u - a scroll of fear {unknown}
Potions
 g - 2 potions of cure mutation
 i - a potion of agility
 j - 2 potions of flight {unknown}
 k - a potion of lignification {unknown}
 l - 3 potions of curing
 p - a potion of magic {unknown}
 r - a potion of degeneration {unknown}
Comestibles
 f - 6 bread rations
 n - 2 slices of pizza
 o - 7 fruits
 v - a chunk of flesh


   Skills:
 - Level 3.0 Fighting
 * Level 7.1 Axes
 - Level 2.4 Armour
 + Level 3.2 Shields


You had 6 spell levels left.
You didn't know any spells.

Dungeon Overview and Level Annotations

Branches:
Dungeon (4/15)
 Temple: D:4-7

Altars:
Dithmenos
Okawaru
Sif Muna

Shops:
D:4 :


Innate Abilities, Weirdness & Mutations

You cannot wear boots.
Your serpentine skin is tough (AC +2).
You have supernaturally acute eyesight. (SInv)
Armour fits poorly on your strangely shaped body.
Your system is resistant to poisons. (rPois)
You cover ground very slowly.
You have a slow metabolism.
You can spit poison.


Message History

You closely miss the ice beast.
The ice beast is lightly wounded.
The ice beast barely misses you.
You hit the ice beast.
The ice beast is lightly wounded.
You block the ice beast's attack.
You slash the ice beast!
The ice beast is heavily wounded.
The ice beast hits you. The ice beast freezes you!
* * * LOW HITPOINT WARNING * * *
You closely miss the ice beast.
The ice beast is heavily wounded.
The ice beast hits you.
* * * LOW HITPOINT WARNING * * *
The ice beast freezes you!
* * * LOW HITPOINT WARNING * * *
The ice beast hits you.
* * * LOW HITPOINT WARNING * * *
The ice beast freezes you!
You die...

#....#'##### ##.#.........
##.§§#........ #
###.#§#§#.......
.#############..§._.§§......$
.#.............#.#§#§#.......
.............(###§§§#§.......
#.............####§##........
..............+.@Y.....>#####
##............###########
#..........Y.# #............#
##..#####.#### ##.# #.# #.#
#.# #. #.# ...


You could see an ice beast.

Vanquished Creatures
  The ghost of tstbtto the Skirmisher, an amateur NaCK of Xom (D:4)
  A phantom (D:4)
  2 hounds (D:4)
  A worker ant (D:4)
  4 gnolls (D:3)
  5 adders
  4 dart slugs
  2 giant geckos
  4 orcs
  6 giant cockroaches
  6 goblins
  5 hobgoblins
  6 jackals
  2 quokkas (D:2)
  2 ball pythons
  8 bats
  A giant newt (D:3)
  18 kobolds
  A quokka skeleton (D:4)
  8 rats
87 creatures vanquished.

Notes
Turn   | Place    | Note
--------------------------------------------------------------
     0 | D:1      | Leszczynek the Naga Fighter began the quest for the Orb.
     0 | D:1      | Reached XP level 1. HP: 21/21 MP: 1/1
    32 | D:1      | tactics!
    34 | D:1      | Reached XP level 2. HP: 5/28 MP: 2/2
   326 | D:1      | Reached skill level 3 in Axes
   749 | D:1      | Reached XP level 3. HP: 26/34 MP: 3/3
  1084 | D:2      | Upgraded the game from 0.19-a0-353-g6b7ed47 to 0.19-a0-414-g76fec5b
  1347 | D:2      | Reached skill level 4 in Axes
  1584 | D:2      | Reached XP level 4. HP: 38/42 MP: 4/4
  2155 | D:3      | Reached skill level 5 in Axes
  2155 | D:3      | Reached XP level 5. HP: 36/49 MP: 5/5
  2498 | D:3      | Found a deep blue altar of Sif Muna.
  2952 | D:4      | Found Cyxyzuri's Book Shop.
  3167 | D:4      | Found an iron altar of Okawaru.
  3322 | D:4      | Reached skill level 6 in Axes
  3322 | D:4      | Reached XP level 6. HP: 20/56 MP: 6/6
  3644 | D:4      | Noticed an ice beast
  3646 | D:4      | Found a shadowy altar of Dithmenos.
  3648 | D:4      | Noticed tstbtto's ghost (amateur NaCK)
  3654 | D:4      | Noticed a phantom
  3658 | D:4      | Killed tstbtto's ghost
  3660 | D:4      | Killed a phantom
  3660 | D:4      | Reached skill level 7 in Axes
  3660 | D:4      | Reached XP level 7. HP: 30/62 MP: 1/7
  3723 | D:4      | HP: 5/62 [ice beast (9)]
  3723 | D:4      | Mangled by an ice beast

Vault maps used:
D:1:      lemuel_arrival_cross
D:2:      minmay_misc_feat_alley, kennysheep_generic_room_6
D:3:      lemuel_doored_altar, first_bread, grunt_ministairs_1
D:4:      lemuel_round_altar, serial_shops, nicolae_shop_waterfront,
          grunt_dithmenos_smoke_and_mirrors

Skill      XL: |  1  2  3  4  5  6 |
---------------+-------------------+-----
Axes           | 3 4 5 6 7 |  7.1
Shields        | 3 |  3.2
Fighting       | |  3.0
Armour         | |  2.4

Action                   |  1- 3 |  4- 6 |  7- 9 || total
-------------------------+-------+-------+-------++-------
Melee: War axe           |   124 |   134 |     8 ||   266
 Abil: Spit Poison       |     8 |     8 |       ||    16
  Use: Scroll            |     4 |     4 |     1 ||     9
       Potion            |       |     2 |       ||     2
 Stab: Invisible         |       |     1 |       ||     1
  Eat: Chunk             |     2 |     6 |       ||     8
Armor: Scale mail        |    86 |    57 |     2 ||   145
Dodge: Dodged            |    53 |    33 |     1 ||    87
Block: Shield            |    81 |    67 |     3 ||   151
